 Dungeon Crawl Stone Soup version 0.31-a0-963-ga325b2283a (webtiles) character file.

Game seed: 16100378743213770718

4085 lunkers the Grappler (level 10, -3/71 HPs)
             Began as a Meteoran Shapeshifter on Oct 25, 2023.
             Was a Follower of Ru.
             Slain by a vampire (7 damage)
             ... on level 9 of the Dungeon.
             The game lasted 00:13:11 (3019 turns).

lunkers the Grappler (Meteoran Shapeshifter)        Turns: 3019, Time: 00:13:11

Health: -3/71      AC:  6    Str: 17    XL:     10   Next: 78%
Magic:  11/11      EV: 12    Int: 14    God:    Ru [*.....]
Gold:   248        SH:  0    Dex: 15    Spells: 9/9 levels left

rFire   + .          .
                       - Unarmed
rCold   . . .        (no shield)
rNeg    . . .        a - +0 acid dragon scales
rPois   .            (helmet currently unavailable)
rElec   .            (cloak currently unavailable)
rCorr   +            (gloves currently unavailable)
SInv    .            (boots currently unavailable)
Will    +....        k - amulet of regeneration
Stlth   +            r - ring of protection from fire
HPRegen 1.11/turn    (no ring)
MPRegen 0.12/turn

%: no passive effects
@: beast-form, glowing
A: beast (slay +4), sense surroundings 2, inability to read after injury 2,
otherworldly, glowing, explore regen
a: Begin Untransformation, Renounce Religion


You were on level 9 of the Dungeon.
You worshipped Ru.
Ru was aware of your devotion.
You were a hulking beast.
You visited 2 branches of the dungeon, and saw 10 of its levels.

You collected 248 gold pieces.

Inventory:

Missiles
 b - 2 curare-tipped darts
 s - 2 throwing nets
Armour
 a - +0 acid dragon scales (worn)
 e - a +2 pair of boots
 h - a +1 scale mail
Jewellery
 k - an amulet of regeneration (around neck)
 r - a ring of protection from fire (left hand)
 u - an amulet of reflection
Talismans
 c - a beast talisman
 d - a flux talisman
Wands
 i - a wand of acid (10)
 j - a wand of mindburst (3)
 m - a wand of flame (5)
Scrolls
 f - a scroll of enchant weapon
 n - a scroll of poison
 t - a scroll of silence {unknown}
Potions
 g - 4 potions of curing
 l - 2 potions of heal wounds
 o - a potion of attraction
 p - a potion of mutation
 q - a potion of enlightenment


   Skills:
 - Level 1.1 Fighting
 - Level 2.1 Dodging
 * Level 14.3 Unarmed Combat
 + Level 10.0 Shapeshifting


You had 9 spell levels left.
You didn't know any spells.
Your spell library contained the following spells:

 Spells                   Type           Power      Damage    Failure   Level
 Inner Flame              Hex/Fire       0%         N/A       75%         3
 Yara's Violent Unravell  Hex/Tmut       0%         3d3       100%        5
 Enfeeble                 Hex            0%         N/A       100%        7


Dungeon Overview and Level Annotations

Branches:
Dungeon (9/15) Zot: 2519   Temple (1/1) D:5 Zot: 555
   Lair: D:8-11         Orc: D:9-12

Altars:
Ashenzari
Cheibriados
Dithmenos
Elyvilon
Fedhas
Hepliaklqana
Kikubaaqudgha
Okawaru
Qazlal
Ru
Wu Jian
Xom
Zin
The Shining One

Annotations:
D:3 2 runed translucent doors


Innate Abilities, Weirdness & Mutations

You are a hulking beast.
Your limbs bulge with bestial killing power. (Slay +4)
You passively map the area around you.
You sometimes lose the ability to read scrolls when taking damage.
You are easily found by Zot.
You glow in the dark.
You regain HP and MP as you explore.


Message History

The vampire is moderately damaged.
The vampire hits you!
* * * LOW HITPOINT WARNING * * *
The vampire bites you but does no damage.
You feel much better. The vampire hits you.
* * * LOW HITPOINT WARNING * * *
The vampire closely misses you.
Unknown command.
You hit the vampire but do no damage.
The vampire is moderately damaged.
The vampire hits you.
* * * LOW HITPOINT WARNING * * *
The vampire bites you.
* * * LOW HITPOINT WARNING * * *
The vampire draws strength from your injuries!
You barely miss the vampire.
The vampire is lightly damaged.
Unknown command.
You punch the vampire!
The vampire is moderately damaged.
The vampire hits you.
* * * LOW HITPOINT WARNING * * *
The vampire bites you!
* * * LOW HITPOINT WARNING * * *
The vampire draws strength from your injuries!
You hit the vampire but do no damage. Your punch misses the vampire.
The vampire is moderately damaged.
The vampire hits you.
* * * LOW HITPOINT WARNING * * *
The vampire bites you.
* * * LOW HITPOINT WARNING * * *
The vampire draws strength from your injuries!
You hit the vampire.
The vampire is moderately damaged.
The vampire closely misses you. The vampire misses you.
Okay, then.
As you read the scroll of identify, it crumbles to dust.
q - a potion of enlightenment The vampire hits you!
You die...

, ,*,* * ..,, ....## * *,* ,,
*+.. *#... * * * #.## .#### ,* ,
*, * , #..# *,.. # , +
###+#####+###..# * #.# , *
#8.8.8#...#[#..# #.. **, ,*
#.8.8{#.#.#.#..# #. + *
+8.8.8V.#.#.'..# #. , *
#.8.8.#h#)#.#..# #. * ,
#8.8.8#.#...#..# ###.
#y###+#####+#####+###..######...
#..y.......y..,...............#.
*#.[..†<...y.y.
............#####
.....)######### ##.......#..# #
#####, * ...#####†##.# * * * ###
#.##.## , * , * * #..#..###


You could see a vampire.

Vanquished Creatures
  Maggie (D:9)
  A troll (D:9)
  A wyvern (D:9)
  A yak (D:9)
  2 acid dragons (D:8)
  A water moccasin (D:5)
  An orc warrior (D:6)
  2 sky beasts (D:7)
  An ice beast (D:6)
  A black bear (D:5)
  2 phantoms
  Blork the orc (D:4)
  4 bullfrogs
  A gnoll sergeant (D:7)
  3 scorpions
  4 wights (D:6)
  11 killer bees
  An electric eel (D:6)
  5 hounds
  5 jellies
  7 orc priests
  A gnoll bouda (D:5)
  3 iguanas
  3 sleepcaps
  7 orc wizards
  5 adders
  8 gnolls
  2 shadow imps
  2 white imps
  2 ufetubi (D:6)
  2 worms
  A dart slug (D:2)
  25 orcs
  2 ball pythons
  3 bats
  5 endoplasms
  2 giant cockroaches
  2 goblins
  4 hobgoblins
  4 kobolds
  3 quokkas
  3 frilled lizards
  4 rats
149 creatures vanquished.

Notes
Turn   | Place    | Note
-------+----------+-------------------------------------------
     0 | D:1      | lunkers the Meteoran Shapeshifter began the quest for the
                  | Orb.
     0 | D:1      | Reached XP level 1. HP: 16/16 MP: 2/2
    71 | D:1      | Reached XP level 2. HP: 23/23 MP: 3/3
    76 | D:1      | Reached skill level 4 in Unarmed Combat
   323 | D:2      | Reached XP level 3. HP: 26/28 MP: 4/4
   538 | D:3      | Reached XP level 4. HP: 35/35 MP: 5/5
   563 | D:3      | Reached skill level 5 in Unarmed Combat
   595 | D:3      | Reached XP level 5. HP: 40/40 MP: 6/6
   602 | D:3      | Found a large runed translucent door.
   603 | D:3      | Found a large runed translucent door.
   764 | D:3      | Reached skill level 6 in Unarmed Combat
   805 | D:4      | Reached XP level 6. HP: 42/47 MP: 7/7
   824 | D:4      | HP: 3/70 [something (1)]
   836 | D:4      | Reached skill level 5 in Shapeshifting
   935 | D:4      | Reached skill level 7 in Unarmed Combat
  1048 | D:4      | Noticed Blork the orc
  1054 | D:4      | Killed Blork the orc
  1055 | D:4      | Reached XP level 7. HP: 30/52 MP: 8/8
  1073 | D:5      | Entered Level 5 of the Dungeon
  1153 | D:5      | Reached skill level 8 in Unarmed Combat
  1207 | D:5      | Noticed a water moccasin
  1213 | D:5      | Killed a water moccasin
  1214 | D:5      | Reached XP level 8. HP: 38/59 MP: 9/9
  1227 | D:5      | Found a staircase to the Ecumenical Temple.
  1274 | Temple   | Entered the Ecumenical Temple
  1297 | Temple   | Became a worshipper of Ru the Awakened
  1430 | D:5      | Reached skill level 9 in Unarmed Combat
  1665 | D:6      | Reached skill level 10 in Unarmed Combat
  1820 | D:6      | Gained mutation: You passively map the area around you.
                  | [Meteoran growth]
  1820 | D:6      | Reached XP level 9. HP: 56/64 MP: 10/10
  2043 | D:6      | Reached skill level 11 in Unarmed Combat
  2135 | D:6      | Gained mutation: You occasionally lose the ability to read
                  | scrolls when taking damage. [Ru sacrifice]
  2135 | D:6      | Gained mutation: You sometimes lose the ability to read
                  | scrolls when taking damage. [Ru sacrifice]
  2135 | D:6      | Reached * piety under Ru
  2277 | D:7      | Reached skill level 12 in Unarmed Combat
  2460 | D:7      | Found an iron altar of Okawaru.
  2546 | D:7      | Found an ancient bone altar of Kikubaaqudgha.
  2548 | D:7      | Found a blossoming altar of Fedhas.
  2603 | D:8      | Reached XP level 10. HP: 60/71 MP: 11/11
  2695 | D:8      | Reached skill level 13 in Unarmed Combat
  2742 | D:8      | Found a stormy altar of Qazlal.
  2778 | D:9      | Identified the "Yxeib"
  2905 | D:9      | Noticed Maggie
  2922 | D:9      | Killed Maggie
  2923 | D:9      | Reached skill level 14 in Unarmed Combat
  3011 | D:9      | Reached skill level 10 in Shapeshifting
  3017 | D:9      | HP: 2/71 [vampire (4)]
  3019 | D:9      | Slain by a vampire

Illustrated notes

Levels and vault maps discovered:
D:1:      wander_arrival_chamber, layout_rooms, roderic_serpentine_path
D:2:      layout_loops_corners, basic_ecumenical_altar, serial_shops,
          nicolae_shop_gibbet_a_chance
D:3:      layout_loops_ring, jmf_multi_god_temple2,
          ebering_ghost_reflecting_pool, minivault_19
D:4:      layout_loops_ring, uniq_blork_the_orc
D:5:      layout_loops_ring, temple_doors_e
D:6:      layout_loops_corners, chequers_hall_statues_wall_a, fountainhead
D:7:      layout_loops_ring, kennysheep_mini_moat,
          grunt_temple_overflow_growth_and_decay
D:8:      layout_cave_pools, grunt_temple_overflow_lords_of_destruction,
          kennysheep_mini, nicolae_qazlal_style_of_elements, abandoned_shop
D:9:      minmay_the_grid_square_5x5_3x3 [minmay_the_grid_square_5x5_minibox,
          minmay_the_grid_square_5x5_six_small, minmay_the_grid_square_5x5_two,
          minmay_the_grid_square_5x5_shuriken,
          minmay_the_grid_square_5x5_megaprize_checkered,
          minmay_the_grid_square_5x5_checkered_statues,
          minmay_the_grid_square_5x5_v,
          minmay_the_grid_square_5x5_sharp_hourglass,
          minmay_the_grid_square_5x5_three_small], layout_rooms,
          nzn_overflow_gifts_of_might_and_magic, kennysheep_generic_room_13,
          uniq_maggie
Temple:   hellmonk_temple_beads

Skill      XL: |  1  2  3  4  5  6  7  8  9 10 |
---------------+-------------------------------+-----
Unarmed Combat | 4 5 6 7 8 10 12 14 | 14.3
Shapeshifting  | 4 5 6 7 8 10 | 10.0
Fighting       | |  1.1
Dodging        | |  2.1

Action                     |  1- 3 |  4- 6 |  7- 9 | 10-12 || total
---------------------------+-------+-------+-------+-------++-------
  Melee: Unarmed           |    55 |   110 |   219 |   138 ||   522
         Punch             |       |     2 |     8 |    14 ||    24
 Invoke: Sacrifice Words   |       |       |     1 |       ||     1
  Evoke: Wand              |       |       |     2 |       ||     2
    Use: Potion            |       |     2 |       |     2 ||     4
         Scroll            |       |       |     9 |     2 ||    11
 Armour: Animal skin       |     5 |       |       |       ||     5
         Scale mail        |    10 |    74 |   140 |    13 ||   237
         Skin              |       |    14 |       |       ||    14
         Acid dragon scale |       |       |       |   104 ||   104
  Dodge: Dodged            |    36 |    26 |   108 |    86 ||   256

Table legend: (Time is in decaauts)
 A = Elapsed time spent in this place.
 B = Non-inter-level travel time spent in this place.
 C = Inter-level travel time spent in this place.
 D = Time resting spent in this place.
 E = Time spent auto-exploring this place.
 F = Levels seen in this place.
 G = Mean time per level.
                   A        B        C        D        E       F      G
               +--------+--------+--------+--------+--------+-----+--------+
         Total |   2924 |   2858 |     66 |     38 |   1737 |  10 |  292.4 |
       Dungeon |   2879 |   2852 |     27 |     38 |   1737 |   9 |  319.9 |
        Temple |     44 |      5 |     39 |      0 |      0 |   1 |   44.0 |
               +--------+--------+--------+--------+--------+-----+--------+

Top non-repeatable levels by time:
     D:6: 564 daAuts
     D:5: 479 daAuts
     D:7: 383 daAuts
     D:4: 276 daAuts
     D:3: 275 daAuts
     D:2: 265 daAuts
     D:1: 236 daAuts
     D:8: 207 daAuts
     D:9: 188 daAuts
  Temple: 44 daAuts
